 Dungeon Crawl Stone Soup version 0.27-a0-419-g7a85846853 (webtiles) character file.

Game seed: 1590760918626540896

462 Chiseanne the Covered (level 6, -6/47 HPs)
             Began as a Demonspawn Wanderer on Feb 26, 2021.
             Mangled by a two-headed ogre
             ... wielding a +0 giant club
              (10 damage)
             ... on level 4 of the Dungeon.
             The game lasted 00:05:09 (4094 turns).

Chiseanne the Covered (Demonspawn Wanderer)         Turns: 4094, Time: 00:05:09

Health: -6/47      AC: 10    Str: 15    XL:     6   Next: 79%
Magic:  6/6        EV: 10    Int: 12    God:
Gold:   193        SH:  0    Dex: 13    Spells: 5/5 levels left

rFire    . . .     SeeInvis .   a - +1 dagger (venom)
rCold    . . .     Faith    .   (no shield)
rNeg     . . .     Spirit   .   b - +2 scale mail
rPois    .         Reflect  .   e - +0 helmet
rElec    .         Harm     .   (no cloak)
rCorr    .         Rampage  .   (no gloves)
Will     +....     Clarity  +   (no boots)
Stlth    ..........             (no amulet)
HPRegen  0.15/turn              (no ring)
MPRegen  0.10/turn              (no ring)

@: no status effects
A: clarity, demonic guardian 1, strong-willed 1
a: no special abilities


You were on level 4 of the Dungeon.
You visited 1 branch of the dungeon, and saw 4 of its levels.

You collected 193 gold pieces.

Inventory:

Hand Weapons
 a - a +1 dagger of venom (weapon)
 i - a +4 dagger of speed
 k - a +0 hand axe
 w - a +0 hand crossbow
Missiles
 c - 19 bolts
 g - 149 stones (quivered)
 j - 23 poisoned darts
 m - 100 arrows
 o - 26 sling bullets
 r - 10 boomerangs
Armour
 b - a +2 scale mail (worn)
 e - a +0 helmet (worn)
Jewellery
 h - an amulet of reflection
 q - a ring of resist corrosion
Wands
 p - a wand of mindburst (12)
Scrolls
 d - a scroll of teleportation
 f - a scroll of immolation {unknown}
 l - 4 scrolls of identify {unknown}
 t - a scroll of fog {unknown}
Potions
 n - 2 potions of mutation
 s - a potion of flight
 u - a potion of might {unknown}


   Skills:
 * Level 3.5 Fighting
 - Level 1.0 Maces & Flails
 * Level 3.6 Crossbows
 * Level 4.8 Armour
 * Level 2.9 Dodging
 - Level 1.0 Stealth
 - Level 1.0 Evocations


You had 5 spell levels left.
You didn't know any spells.
Your spell library was empty.

Dungeon Overview and Level Annotations

Branches:
Dungeon (4/15)
 Temple: D:4-7

Altars:
Hepliaklqana
Makhleb


Innate Abilities, Weirdness & Mutations

A weak demonic guardian rushes to your aid.
You possess an exceptional clarity of mind.
You are strong-willed. (Will+)


Message History

w - a +0 hand crossbow (weapon)
Fire: 23 bolts
Press: ? - help, Q - select action, (/) - cycle Shift-Dir - straight line, f - two-headed ogre
Aim: a two-headed ogre, wielding two +0 giant clubs (77% to hit)
You shoot a bolt. The bolt hits the two-headed ogre!
The two-headed ogre is moderately wounded.
Fire: 22 bolts
Press: ? - help, Q - select action, (/) - cycle Shift-Dir - straight line, f/p - two-headed ogre
Aim: a two-headed ogre, wielding two +0 giant clubs (moderately wounded, 77% to hit)
You shoot a bolt. The bolt hits the two-headed ogre!
The two-headed ogre is heavily wounded.
Fire: 21 bolts
Press: ? - help, Q - select action, (/) - cycle Shift-Dir - straight line, f/p - two-headed ogre
Aim: a two-headed ogre, wielding two +0 giant clubs (heavily wounded, 77% to hit)
You shoot a bolt.
The bolt closely misses the two-headed ogre.
Fire: 20 bolts
Press: ? - help, Q - select action, (/) - cycle Shift-Dir - straight line, f/p - two-headed ogre
Aim: a two-headed ogre, wielding two +0 giant clubs (heavily wounded, 77% to hit)
You shoot a bolt. The bolt hits the two-headed ogre!
The two-headed ogre is severely wounded.
Your +1 dagger of venom begins to drip with poison!
a - a +1 dagger of venom (weapon)
You barely miss the two-headed ogre.
The two-headed ogre is severely wounded.
The two-headed ogre hits you with a +0 giant club!!
The two-headed ogre barely misses you.
You hit the two-headed ogre but do no damage.
The two-headed ogre is poisoned.
The two-headed ogre is severely wounded.
The two-headed ogre hits you with a +0 giant club!!
Ouch! That really hurt!
* * * LOW HITPOINT WARNING * * *
A demonic guardian appears!
The two-headed ogre barely misses you.
You hit the two-headed ogre.
The two-headed ogre looks as sick as possible!
The two-headed ogre is severely wounded.
The two-headed ogre misses you.
The two-headed ogre hits you with a +0 giant club!
You die...

# .... .#.. #. #... ... .. .
##.###..##..##.#
..#..............##
?............g.....
..................
................### .. ...
.................#.##...# ...
........@...........#...+ #..
.......O####.####.......#
#.##...$..5.##.....##.......#
##...........#.......#.......#
.###.......?....#.......#.#.....#
...........(..#....._.....#.....#
. #.....(.##...#.......#.......#
.###.5(.........#.......#.......#
....#........(..##.....##........


You could see a two-headed ogre (extremely poisoned, ally target), a hobgoblin
and a friendly shadow imp (summoned).

Vanquished Creatures
  A scorpion (D:4)
  2 howler monkeys (D:3)
  2 orc priests (D:3)
  An orc wizard (D:3)
  A worker ant (D:4)
  Robin (D:3)
  3 gnolls (D:2)
  4 adders
  3 dart slugs (D:1)
  3 leopard geckos (D:1)
  10 orcs (D:3)
  A ball python (D:1)
  2 giant cockroaches (D:3)
  12 goblins
  12 hobgoblins
  7 jackals
  3 quokkas
  6 bats
  6 frilled lizards
  4 kobolds
  9 rats
93 creatures vanquished.

Vanquished Creatures (collateral kills)
  2 orc priests (D:3)
  3 orcs (D:3)
5 creatures vanquished.

Grand Total: 98 creatures vanquished

Notes
Turn   | Place    | Note
-------+----------+-------------------------------------------
     0 | D:1      | Chiseanne the Demonspawn Wanderer began the quest for the
                  | Orb.
     0 | D:1      | Chiseanne set off with the following items: a +0 hand
                  | crossbow, a +2 scale mail, 26 bolts, a scroll of
                  | teleportation
     0 | D:1      | Reached XP level 1. HP: 15/15 MP: 1/1
   375 | D:1      | Gained mutation: A weak demonic guardian rushes to your
                  | aid. [demonic ancestry]
   375 | D:1      | Reached XP level 2. HP: 21/21 MP: 2/2
   801 | D:1      | Reached skill level 1 in Dodging
   801 | D:1      | Reached XP level 3. HP: 26/26 MP: 3/3
  1382 | D:2      | Reached skill level 4 in Armour
  1423 | D:2      | Reached XP level 4. HP: 33/33 MP: 4/4
  2019 | D:3      | Gained mutation: You are strong-willed. (Will+) [potion of
                  | mutation]
  2019 | D:3      | Gained mutation: You possess an exceptional clarity of
                  | mind. [potion of mutation]
  2035 | D:3      | Reached XP level 5. HP: 19/39 MP: 5/5
  2621 | D:3      | Found a burning altar of Makhleb.
  2855 | D:3      | Reached XP level 6. HP: 24/47 MP: 6/6
  3320 | D:3      | HP: 2/47 [orc (1)]
  3623 | D:4      | Noticed a two-headed ogre
  3711 | D:4      | Noticed Robin
  3724 | D:3      | Killed Robin
  3860 | D:4      | Noticed a two-headed ogre
  4072 | D:4      | Found a hazy altar of Hepliaklqana.
  4094 | D:4      | Mangled by a two-headed ogre

Illustrated notes

Levels and vault maps discovered:
D:1:      dpeg_arrival_circle_labyrinth_a, layout_basic, minivault_24,
          minmay_misc_feat_rugged, kennysheep_doodads, minmay_close_crescents
D:2:      layout_rooms, doesnt_xom_only_xom
D:3:      layout_basic, overflow_temple_1_default, serial_glass,
          glass_columns_b, glass_columns_a, glass_columns_c, glass_columns_b
D:4:      layout_cave_pools, old_standard_altar, minmay_door_square,
          st_stairs_14, uniq_robin, uniq_sigmund

Skill      XL: |  1  2  3  4  5 |
---------------+----------------+-----
Crossbows      | 2 3 |  3.6
Dodging        | 1 2 |  2.9
Armour         | 4 |  4.8
Fighting       | 2 3 |  3.5
Maces & Flails | |  1.0
Stealth        | |  1.0
Evocations     | |  1.0

Action                   |  1- 3 |  4- 6 || total
-------------------------+-------+-------++-------
Melee: Dagger            |       |    95 ||    95
 Fire: Hand crossbow     |   106 |    97 ||   203
  Use: Scroll            |     1 |     1 ||     2
       Potion            |       |     5 ||     5
Armor: Scale mail        |    16 |    80 ||    96
       Skin              |       |    11 ||    11
Dodge: Dodged            |    21 |   102 ||   123

Table legend: (Time is in decaauts)
 A = Elapsed time spent in this place.
 B = Non-inter-level travel time spent in this place.
 C = Inter-level travel time spent in this place.
 D = Time resting spent in this place.
 E = Time spent auto-exploring this place.
 F = Levels seen in this place.
 G = Mean time per level.
                   A        B        C        D        E       F      G
               +--------+--------+--------+--------+--------+-----+--------+
         Total |   4172 |   3994 |    178 |    999 |   2435 |   4 | 1043.0 |
       Dungeon |   4172 |   3994 |    178 |    999 |   2435 |   4 | 1043.0 |
               +--------+--------+--------+--------+--------+-----+--------+

Top non-repeatable levels by time:
     D:3: 1980 daAuts
     D:1: 1353 daAuts
     D:2: 603 daAuts
     D:4: 235 daAuts
